Map: Green Acres

Players

Jackendoff

  • Race: Terran Terran
  • Spawn Location: 6:00

Майор

  • Race: Terran Terran
  • Spawn Location: 9:00

ForceForce

  • Race: Terran Terran
  • League: Silver
  • Spawn Location: 7:00

MisterZUK - Winner!

  • Race: Zerg Zerg
  • Spawn Location: 1:00

zorax - Winner!

  • Race: Terran Terran
  • Spawn Location: 3:00

lech - Winner!

  • Race: Terran Terran
  • Spawn Location: 12:00

VOD

Have the link to the VOD?

Description

Time

  • Played on: May 28, 2017, 4:16 p.m.
  • Length: 21:41
Show
View Real Time Build Order
Export as new Build Order

Jackendoff Terran 

Build Orders:  

Get SALT Encoding   

  12  0:15  Supply Depot  
  12  0:41  Barracks  
  12  0:45  Barracks  
  12  0:53  Barracks  
  12  1:03  SCV  
  13  1:14  Refinery  
  13  1:15  SCV  
  14  1:27  SCV  
  14  1:32  Marine  
  16  1:33  Marine  
  17  1:41  Marine  
  18  1:50  Marine  
  18  1:51  Marine  
  20  1:59  Marine  
  21  2:06  SCV  
  21  2:08  Marine  
  23  2:23  Refinery  
  23  2:29  Marine  
  23  2:49  Supply Depot  
  23  3:08  Orbital Command  
  23  3:10  Marine x2  
  25  3:13  Supply Depot  
  25  3:23  Factory  
  25  3:29  Barracks Reactor  
  25  3:36  SCV  
  26  3:48  SCV  
  26  3:54  Barracks Tech Lab  
  27  4:01  SCV  
  28  4:07  Marine x2  
  28  4:08  Factory Tech Lab, Marine  
  31  4:14  Supply Depot, SCV  
  32  4:26  SCV  
  32  4:28  Siege Tank  
  32  4:30  Marauder  
  38  4:57  Combat Shields  
  38  4:58  Supply Depot  
  38  5:00  Siege Tank  
  38  5:05  Engineering Bay  
  41  5:21  Supply Depot, Marine x3  
  42  5:23  Barracks Reactor  
  44  5:39  Marine x2  
  46  6:01  Missile Turret  
  46  6:02  Terran Infantry Weapons Level 1  
  46  6:07  Marine x3  
  46  6:08  Marine x2  
  42  6:25  Marine x3  
  45  7:04  Missile Turret  
  45  7:10  Missile Turret  
  37  7:39  Marine x3  
  37  7:40  Marine  
  2  9:38  Orbital Command  
  2  10:33  Missile Turret  
  2  10:37  Missile Turret  
  2  10:43  SCV  
  3  10:52  Missile Turret  
  3  10:55  SCV  
  4  11:06  Missile Turret  
  4  11:07  SCV  
  5  11:19  SCV  
  6  11:31  SCV  
  7  11:43  SCV  
  8  11:51  Missile Turret  
  8  11:55  SCV  
  9  12:08  SCV  
  10  12:18  Refinery  
  10  12:20  SCV  
  11  12:23  Missile Turret  
  11  12:32  SCV  
  12  12:51  Barracks Reactor  
  12  12:52  Marine  
  12  12:53  Marine  
  14  13:10  Marine x2  
  16  13:16  SCV  
  17  13:23  Barracks Tech Lab  
  17  13:28  Marine x2, SCV  
  20  13:40  SCV  
  21  13:46  Marine x2  
  23  13:52  SCV  
  23  13:53  Command Center  
  24  14:05  SCV  
  24  14:09  Stimpack  
  25  14:13  Missile Turret  
  26  14:17  SCV  
  26  14:19  Terran Infantry Armor Level 1  
  26  14:39  Marine x3  
  29  14:58  SCV  
  30  15:10  SCV  
  31  15:22  SCV  
  31  15:25  Starport  
  32  15:34  SCV  
  33  15:39  Refinery  
  33  15:41  Orbital Command  
  33  15:47  SCV  
  33  15:59  SCV  
  34  16:11  SCV  
  35  16:12  Refinery  
  35  16:14  SCV  
  36  16:26  SCV  
  37  16:39  SCV  
  38  16:46  Starport Tech Lab  
  38  16:52  Starport  
  39  16:57  Starport  
  38  17:23  Starport  
  38  17:31  Siege Tank  
  38  17:33  Starport Tech Lab  
  38  17:36  Starport Tech Lab  
  41  17:43  Fusion Core  
  41  18:02  Marine x3  
  41  18:03  Marine x2  
  46  18:15  Starport Tech Lab  
  46  18:20  Marine x4  
  46  18:21  Marine  
  46  18:25  Siege Tank  
  54  18:30  Medivac  
  54  18:31  Medivac x2  
  60  18:38  Marine x5  
  65  18:55  Marine  
  65  18:56  Marine  
  65  18:58  Siege Tank  
  65  19:00  Medivac  
  42  19:14  Marine x3  
  42  19:15  Marine x2  
  46  19:32  Marine x5  
  30  19:50  Marine x5  
  28  20:08  Marine  
Show
View Real Time Build Order
Export as new Build Order

Майор Terran 

Build Orders:  

Get SALT Encoding   

  12  0:03  SCV  
  13  0:15  SCV  
  14  0:27  SCV  
  15  0:29  Supply Depot  
  15  0:40  Refinery  
  15  0:50  SCV  
  15  0:52  Barracks  
  16  1:02  SCV  
  17  1:14  Refinery  
  17  1:15  SCV  
  18  1:27  SCV  
  19  1:40  Command Center  
  19  1:45  Marine  
  20  1:57  Factory  
  20  2:06  SCV  
  20  2:08  Marine  
  22  2:25  Marine  
  23  2:32  Orbital Command  
  23  2:45  Marine  
  23  3:03  Marine  
  24  3:13  Factory Tech Lab  
  24  3:21  Marine  
  24  3:23  Starport  
  25  3:29  SCV  
  26  3:39  Marine  
  26  3:40  Siege Tank  
  30  3:41  SCV  
  31  3:53  SCV  
  32  3:57  Marine  
  32  4:01  Medivac  
  35  4:12  Siege Tank  
  38  4:24  Supply Depot  
  38  4:27  Supply Depot  
  38  4:45  Marine, SCV  
  40  4:55  Medivac  
  40  4:58  SCV x2  
  44  5:03  Marine  
  45  5:43  Marine  
  45  5:45  Siege Tank  
  45  5:46  Medivac  
  51  6:01  Marine  
  52  6:07  SCV x2  
  52  6:19  Marine, SCV  
  52  6:22  SCV  
  51  6:31  SCV  
  50  6:34  SCV  
  50  6:35  Siege Tank  
  50  6:37  Supply Depot, Barracks Tech Lab  
  50  6:38  Supply Depot  
  54  6:40  Supply Depot  
  54  6:53  Refinery  
  54  6:54  Refinery  
  54  6:58  Engineering Bay, SCV  
  55  7:08  Starport Tech Lab  
  55  7:13  Fusion Core  
  55  7:15  Siege Tank  
  58  7:16  Marauder  
  60  7:38  Marauder  
  60  7:39  Missile Turret x2  
  60  7:42  Missile Turret  
  60  7:43  Missile Turret  
  60  7:44  Missile Turret  
  62  7:46  Widow Mine  
  62  7:49  Missile Turret  
  62  7:51  Missile Turret, Planetary Fortress  
  64  7:52  Missile Turret  
  64  7:55  Missile Turret  
  64  7:58  Marine  
  64  8:04  Battlecruiser  
  71  8:05  Missile Turret  
  71  8:15  Widow Mine  
  71  8:16  Marine  
  71  8:34  Marine  
  71  8:40  Hi-Sec Auto Tracking  
  72  8:50  Supply Depot  
  72  8:55  Widow Mine  
  74  9:08  Command Center  
  74  9:11  Battlecruiser  
  74  9:13  Supply Depot  
  80  9:23  Widow Mine  
  82  9:40  Command Center  
  82  9:48  SCV x2  
  84  9:58  Command Center  
  84  10:00  SCV x2  
  86  10:12  SCV x2  
  87  10:24  Supply Depot, Orbital Command  
  87  10:27  Supply Depot  
  87  10:42  Battlecruiser  
  93  10:46  Weapon Refit  
  88  11:29  Liberator  
  77  11:53  Marine  
  78  12:10  Marine  
  78  12:12  Liberator  
  70  12:23  Starport  
  70  12:28  Marine  
  70  12:41  Siege Tank  
  73  12:46  Marine  
  72  13:04  Marine  
  71  13:22  Marine  
  72  13:36  Orbital Command  
  72  13:39  Marine  
  73  13:57  Marine  
  73  13:59  Starport Tech Lab  
  74  14:12  Refinery  
  74  14:15  Marine  
  74  14:16  Refinery  
  75  14:33  Marine  
  75  14:34  Battlecruiser x2  
  75  14:37  Terran Infantry Weapons Level 1  
  88  15:02  Missile Turret  
  88  15:04  Missile Turret  
  88  15:36  Missile Turret, SCV x3  
  88  15:37  Missile Turret  
  88  15:39  Planetary Fortress  
  91  15:48  SCV x2  
  91  15:49  SCV  
  94  15:51  Battlecruiser  
  100  16:00  SCV x2  
  100  16:01  Refinery, SCV  
  100  16:03  Refinery  
  102  16:12  SCV  
  102  16:27  SCV  
  102  16:28  SCV x3  
  106  16:36  Terran Infantry Armor Level 1  
  107  16:40  Battlecruiser, SCV x3  
  107  16:45  SCV  
  116  16:52  SCV x3  
  119  16:55  Battlecruiser  
  119  16:57  SCV  
  126  17:02  Marine  
  126  17:04  SCV  
  126  17:07  Orbital Command  
  128  17:20  Marine  
  111  17:37  Marine  
  70  17:55  Marine  
  49  18:13  Marine  
  20  18:43  Siege Tank  
Show
View Real Time Build Order
Export as new Build Order

ForceForce Terran 

Build Orders:  

Get SALT Encoding   

  12  0:02  SCV  
  13  0:19  Supply Depot  
  13  0:26  SCV  
  14  0:30  Refinery  
  14  0:39  SCV  
  15  0:46  Barracks  
  15  0:52  SCV  
  16  1:06  SCV  
  16  1:07  Barracks  
  17  1:21  SCV  
  18  1:25  Refinery  
  18  1:36  Engineering Bay  
  18  1:38  Barracks Reactor  
  18  1:49  Supply Depot  
  18  1:55  Barracks Reactor  
  18  1:58  SCV  
  19  2:17  Marine x2  
  17  2:35  Marine x2  
  19  2:38  Reaper x2  
  21  2:53  Marine  
  22  2:58  SCV  
  22  3:03  Reaper  
  24  3:10  Marine  
  25  3:18  Barracks  
  25  3:19  Marine x2  
  27  3:28  Reaper  
  27  3:30  SCV  
  29  3:42  Marine  
  29  3:43  SCV  
  31  4:33  Reaper  
  31  4:35  Reaper  
  31  4:54  Marine  
  31  4:55  SCV  
  31  5:12  Missile Turret  
  31  5:26  Supply Depot  
  31  5:32  Barracks Tech Lab  
  31  5:34  Missile Turret  
  31  5:47  Marine x4, SCV  
  31  5:49  Supply Depot  
  36  5:56  Stimpack  
  36  5:59  SCV  
  37  6:05  Marine x2  
  37  6:08  Factory  
  39  6:12  SCV  
  40  6:35  Factory  
  40  6:47  Reaper, Marine x3  
  40  6:51  Marine  
  45  6:55  Hi-Sec Auto Tracking  
  45  6:57  SCV  
  46  7:05  Marine  
  47  7:08  Marine  
  47  7:09  SCV  
  47  7:24  Factory Tech Lab  
  47  7:25  Missile Turret  
  47  7:35  Supply Depot  
  47  7:49  SCV  
  47  8:04  Marine x2  
  47  8:05  Marine x2  
  49  8:06  Marine  
  49  8:09  Armory  
  51  8:33  Missile Turret  
  51  8:35  SCV  
  51  8:37  Marine x3  
  55  8:53  Supply Depot  
  55  8:59  Factory Tech Lab, Missile Turret  
  55  9:04  Orbital Command  
  55  9:14  Marine  
  55  9:15  Thor, Marine  
  63  9:24  Starport  
  63  9:33  Supply Depot  
  63  9:52  Thor, Marine x2  
  71  9:54  Marine x3  
  71  9:57  Command Center  
  74  10:12  Marine  
  75  10:22  Thor  
  74  10:30  Supply Depot  
  50  10:43  Medivac  
  50  10:44  Marine x3  
  55  10:50  Marine  
  55  10:53  Supply Depot  
  55  11:03  Marine x4  
  59  11:08  Marine  
  60  11:13  Medivac  
  62  11:20  Marine  
  62  11:21  Marine x3  
  66  11:29  Marine  
  67  11:38  Marine x2  
  67  11:39  Marine  
  69  11:43  Marine  
  70  11:47  Marine  
  71  11:56  Marine x3  
  71  12:01  Marine  
  66  12:39  Marine x2  
  59  13:25  Marine x4  
  59  13:26  Marine  
  57  13:43  Marine x4  
  61  14:08  Marine x4  
  56  15:48  Command Center  
  56  16:42  Medivac  
  58  17:21  Medivac  
  60  17:51  Medivac  
  62  18:01  Marine x5  
  67  18:18  Marine  
  67  18:19  Marine  
  44  18:33  Marine x2  
  44  18:34  Marine  
  47  18:36  Marine x2  
  49  18:51  Marine x2  
  20  19:32  Marine  
  20  19:33  Marine x4  
Show
View Real Time Build Order
Export as new Build Order

MisterZUK Zerg - Winner!

Build Orders: Pool First 

Get SALT Encoding   

  12  0:04  Drone  
  13  0:22  Spawning Pool  
  13  0:26  Drone  
  13  0:30  Drone  
  14  0:39  Overlord  
  14  0:44  Extractor  
  14  0:45  Drone  
  14  1:10  Zergling x4  
  14  1:11  Zergling x2  
  17  1:15  Queen, Extractor  
  18  1:24  Drone  
  19  1:36  Drone  
  20  1:44  Drone  
  21  1:52  Lair  
  21  1:56  Drone  
  22  2:06  Overlord  
  22  2:33  Drone x4  
  23  3:00  Hatchery  
  22  3:09  Spire  
  21  3:15  Drone  
  21  3:17  Drone  
  23  3:22  Drone  
  24  3:42  Overlord x2  
  24  3:44  Drone x2  
  26  4:14  Drone  
  25  4:22  Mutalisk x4  
  32  4:53  Zerg Flyer Weapons Level 1  
  32  4:56  Mutalisk x3  
  38  5:13  Mutalisk  
  40  5:18  Drone x3  
  43  5:23  Extractor  
  42  5:31  Drone  
  42  5:35  Mutalisk  
  45  5:50  Mutalisk  
  45  5:53  Drone x2  
  49  6:02  Mutalisk  
  51  6:22  Overlord x2  
  51  6:23  Overlord  
  51  6:25  Drone  
  52  6:31  Extractor  
  51  6:52  Drone  
  51  6:53  Drone  
  53  6:54  Drone  
  53  7:00  Mutalisk x3  
  60  7:07  Drone  
  61  7:16  Mutalisk x2  
  61  7:17  Mutalisk  
  64  7:44  Mutalisk x2  
  25  8:39  Drone x4  
  29  8:43  Hatchery  
  28  9:34  Extractor  
  28  9:36  Extractor  
  26  9:42  Hatchery  
  25  9:58  Drone  
  26  10:08  Extractor  
  26  10:11  Drone  
  26  10:42  Drone x2  
  24  11:39  Drone x2  
  26  12:06  Drone  
  27  12:21  Drone  
  28  12:25  Drone  
  27  13:02  Drone x3  
  28  13:29  Drone x2  
  30  13:43  Drone  
  31  14:22  Drone  
  31  14:23  Drone x2  
  34  14:28  Spawning Pool  
  33  14:53  Drone x2  
  33  14:56  Drone  
  36  15:24  Lair  
  36  15:30  Drone x3  
  31  16:24  Spire  
  30  16:48  Queen  
  32  17:06  Hatchery  
  31  17:35  Mutalisk x3  
  37  18:02  Mutalisk x2  
  37  18:20  Zerg Flyer Weapons Level 2  
  37  18:25  Mutalisk x3  
  43  18:35  Drone x2  
  43  18:40  Mutalisk  
  43  18:41  Mutalisk  
  49  18:57  Mutalisk  
  49  18:58  Mutalisk  
  53  19:03  Drone x2  
  51  19:39  Mutalisk x2  
  53  20:38  Mutalisk  
  55  20:44  Drone  
Show
View Real Time Build Order
Export as new Build Order

zorax Terran - Winner!

Build Orders:  

Get SALT Encoding   

  12  0:02  SCV  
  13  0:14  SCV  
  13  0:20  Supply Depot  
  14  0:27  SCV  
  15  0:35  Refinery  
  15  0:43  Barracks  
  15  0:45  SCV  
  16  0:57  SCV  
  17  1:04  Refinery  
  17  1:08  Supply Depot  
  17  1:09  SCV  
  18  1:21  SCV  
  19  1:34  Reaper  
  19  1:35  Orbital Command  
  20  1:52  Factory  
  20  2:00  SCV  
  21  2:10  Barracks Reactor  
  21  2:12  SCV  
  22  2:46  Factory  
  22  2:57  Barracks Reactor  
  22  2:59  Widow Mine x2  
  26  3:13  Command Center  
  26  3:23  SCV  
  27  3:27  Supply Depot  
  27  3:32  Factory Tech Lab  
  27  3:35  SCV  
  27  3:39  Armory  
  27  3:42  Widow Mine x2  
  31  4:03  Siege Tank  
  34  5:01  Drilling Claws  
  34  5:05  Siege Tank  
  34  5:06  Widow Mine x2  
  41  5:08  Orbital Command  
  41  5:22  Supply Depot  
  41  5:23  Supply Depot, Terran Vehicle Weapons Level 1  
  41  5:28  Supply Depot  
  41  5:34  Widow Mine x2  
  45  5:59  Orbital Command  
  45  6:03  Widow Mine x2  
  49  6:23  Siege Tank  
  52  6:31  Widow Mine  
  54  6:42  Command Center  
  54  6:49  SCV x2  
  56  7:01  SCV x2  
  57  7:13  SCV x2  
  56  7:25  SCV x2  
  54  7:36  Siege Tank  
  53  7:37  SCV  
  53  7:46  Widow Mine x2  
  57  8:08  Siege Tank  
  60  8:15  Widow Mine x2  
  63  8:43  Widow Mine x2  
  67  8:58  SCV  
  68  9:10  SCV  
  68  9:12  Widow Mine x2  
  73  9:23  SCV  
  74  9:32  Refinery  
  74  9:34  Terran Vehicle Weapons Level 2, Refinery  
  74  9:35  SCV  
  74  9:38  Siege Tank  
  78  9:40  Widow Mine x2  
  82  9:47  SCV  
  83  10:09  Widow Mine x2  
  83  10:10  Siege Tank  
  90  10:37  Widow Mine  
  92  11:01  Widow Mine  
  90  11:24  Widow Mine x2  
  90  11:30  Widow Mine  
  86  11:52  Widow Mine  
  86  11:53  Widow Mine  
  91  11:58  Widow Mine  
  91  12:01  Orbital Command  
  92  12:14  Factory  
  92  12:21  Command Center  
  92  12:25  Command Center  
  92  12:29  Factory  
  92  12:34  Command Center  
  92  12:36  Supply Depot, Command Center  
  92  12:38  Supply Depot  
  92  12:57  Widow Mine x3  
  96  13:01  Supply Depot  
  96  13:02  Supply Depot  
  91  13:06  Supply Depot  
  59  13:25  Widow Mine  
  59  13:26  Widow Mine x2  
  59  13:28  Supply Depot  
  59  13:30  Supply Depot  
  59  13:34  Supply Depot  
  59  13:37  Factory Tech Lab x2  
  59  13:48  Armory  
  59  13:49  Refinery  
  59  13:51  Refinery  
  59  13:53  Supply Depot  
  59  13:54  Widow Mine  
  61  14:05  SCV  
  62  14:12  Supply Depot  
  62  14:17  SCV  
  62  14:23  Thor  
  67  14:29  SCV  
  66  14:31  Orbital Command  
  66  14:32  Orbital Command x3  
  66  14:39  Thor x2  
  66  14:41  Terran Vehicle Weapons Level 3, SCV  
  66  14:42  Terran Vehicle And Ship Armor Level 1  
  79  14:53  SCV  
  80  15:05  Thor  
  86  15:21  Thor  
  86  15:22  Thor  
  86  15:24  Orbital Command  
  98  15:48  Thor  
  104  16:04  Thor x2  
  116  16:19  Orbital Command  
  116  16:31  Thor  
  122  16:34  Widow Mine  
  122  16:35  Widow Mine  
  126  16:55  Orbital Command  
  126  17:03  Widow Mine x2  
  130  17:11  Terran Vehicle And Ship Armor Level 2  
  130  17:31  Widow Mine  
  130  17:32  Widow Mine  
  134  18:00  Widow Mine x2  
  106  18:39  Thor x3  
  124  19:22  Thor x3  
  142  19:30  Orbital Command  
  140  20:05  Thor x3  
  158  20:47  Thor  
  158  20:48  Thor  
  170  21:12  Refinery x2  
Show
View Real Time Build Order
Export as new Build Order

lech Terran - Winner!

Build Orders:  

Get SALT Encoding   

  12  0:11  Supply Depot  
  12  0:49  Command Center  
  12  1:08  Barracks  
  12  1:10  Refinery  
  12  1:17  Refinery  
  12  1:46  SCV  
  13  1:59  SCV  
  14  2:01  Orbital Command  
  14  2:11  SCV  
  14  2:14  Engineering Bay  
  15  2:23  SCV  
  16  2:35  SCV  
  17  2:47  SCV  
  17  2:48  Orbital Command  
  18  2:59  SCV  
  18  3:01  Factory  
  19  3:14  Supply Depot  
  19  3:15  SCV  
  19  3:19  SCV  
  21  3:31  SCV  
  22  3:36  Refinery  
  22  3:43  SCV  
  22  3:47  Refinery  
  23  3:54  Factory Tech Lab  
  23  3:55  SCV  
  24  4:05  Missile Turret  
  24  4:07  SCV  
  25  4:18  SCV  
  25  4:19  SCV  
  27  4:24  Missile Turret  
  27  4:31  SCV  
  27  4:36  Armory  
  28  4:42  Marine  
  29  4:45  Missile Turret  
  29  4:50  Factory  
  29  5:00  Marine  
  29  5:18  Marine  
  30  5:26  SCV  
  25  5:30  Thor  
  31  5:36  Marine  
  31  5:39  SCV  
  33  5:51  SCV  
  33  5:53  Marine  
  27  6:03  SCV  
  13  6:14  Marine  
  13  6:15  SCV  
  11  6:32  Factory Tech Lab, Marine  
  12  6:33  Thor  
  18  6:51  Orbital Command  
  18  6:53  Thor  
  18  6:55  Orbital Command  
  18  7:23  SCV  
  19  7:54  Terran Infantry Armor Level 1  
  19  7:56  SCV  
  20  8:08  SCV  
  21  8:13  SCV  
  21  8:14  Refinery  
  22  8:25  SCV  
  20  8:36  Barracks Reactor  
  20  8:37  SCV  
  21  8:44  Thor  
  27  8:57  SCV  
  28  9:08  Refinery  
  28  9:09  SCV  
  29  9:21  SCV x2  
  31  9:30  Refinery  
  31  9:33  SCV  
  31  9:34  SCV  
  34  9:45  SCV  
  34  9:46  SCV  
  34  9:48  Terran Infantry Weapons Level 1  
  35  9:57  SCV  
  36  10:09  SCV  
  36  10:12  Thor  
  43  10:22  SCV  
  43  10:23  Supply Depot  
  44  10:34  SCV  
  45  10:46  SCV  
  45  10:47  Supply Depot  
  46  11:02  SCV  
  47  11:09  Supply Depot  
  47  11:12  Thor  
  47  11:14  SCV  
  54  11:18  Thor  
  60  11:26  SCV x2  
  60  11:31  Supply Depot  
  62  11:38  SCV x2  
  64  11:41  Terran Infantry Armor Level 2  
  64  11:50  SCV  
  65  12:01  Thor  
  65  12:02  SCV  
  72  12:14  Marine x2, SCV  
  75  12:22  Thor  
  79  12:32  Marine x2  
  68  12:44  Thor  
  68  12:49  Marine  
  68  12:50  Marine  
  73  13:07  Marine  
  73  13:08  Marine  
  73  13:11  Orbital Command  
  75  13:25  Marine  
  75  13:26  Marine  
  77  13:27  SCV  
  78  13:39  SCV  
  78  13:40  Thor  
  85  13:43  Marine  
  86  13:48  Marine  
  86  13:52  SCV  
  88  13:57  Terran Infantry Weapons Level 2  
  88  13:59  Supply Depot  
  88  14:01  Marine  
  89  14:03  SCV  
  89  14:04  SCV  
  89  14:06  Marine  
  92  14:16  SCV x2  
  94  14:20  Marine  
  94  14:21  Supply Depot  
  95  14:24  Marine  
  95  14:28  SCV  
  97  14:44  Supply Depot  
  97  14:53  SCV  
  97  14:57  Refinery  
  98  15:05  Thor, SCV  
  105  15:13  Marine x2  
  107  15:17  SCV  
  108  15:29  SCV  
  108  15:31  Marine x2  
  111  15:41  SCV  
  112  15:43  Supply Depot  
  112  15:48  Thor  
  112  15:49  Marine x2  
  120  16:05  SCV  
  120  16:07  Marine x2  
  120  16:08  Supply Depot  
  123  16:17  SCV  
  124  16:18  Terran Infantry Weapons Level 3  
  124  16:29  SCV  
  125  16:32  Supply Depot  
  125  16:41  SCV  
  126  16:53  SCV  
  127  17:15  Thor  
  127  17:16  Thor  
  138  17:24  SCV  
  136  17:36  SCV  
  124  17:48  SCV  
  124  18:00  SCV  
  122  18:12  SCV  
  120  18:20  Thor  
  126  18:30  Thor  
  132  19:03  Thor  
  138  19:23  Marine x2  
  140  19:41  Marine x2  
  136  19:59  Thor, Marine x2  
  144  20:00  Thor  
  150  20:17  Marine x2  
  152  20:43  Thor  
Tags
 
Add a new tag
Caveats
  • Supply blocks, unpowered buildings, or Contaminate may cause inaccurate times.
  • Supply counts are checked every 10 seconds.